 Dungeon Crawl Stone Soup version 0.20.1-1-g8b1a95d (webtiles) character file.

128 potatolord6000 the Chopper (level 5, -1/47 HPs)
             Began as a Hill Orc Monk on Sept 11, 2017.
             Was a Believer of Ru.
             Killed from afar by Dowan (7 damage)
             ... with a puff of frost
             ... on level 4 of the Dungeon.
             The game lasted 00:08:36 (2111 turns).

potatolord6000 the Chopper (Hill Orc Monk)          Turns: 2111, Time: 00:08:36

Health: -1/47      AC: 10    Str: 15    XL:     5   Next: 11%
Magic:  5/5        EV:  5    Int: 10    God:    Ru [**....]
Gold:   117        SH:  0    Dex: 13    Spells: 4/4 levels left

rFire    x . .     SeeInvis .   a - +0 hand axe
rCold    x . .     Gourm    .   (no shield)
rNeg     . . .     Faith    +   h - +0 plate armour
rPois    .         Spirit   .   (no helmet)
rElec    .         Reflect  .   (no cloak)
rCorr    .         Harm     .   (no gloves)
MR       .....                  (no boots)
Stlth    ..........             j - amulet of faith
Regen    0.2/turn               (no ring)
MPRegen  0.1/turn               (no ring)

@: no status effects
A: temperature sensitive
a: Renounce Religion


You were on level 4 of the Dungeon.
You worshipped Ru.
Ru was pleased with you.
You were not hungry.

You visited 1 branch of the dungeon, and saw 4 of its levels.

You collected 117 gold pieces.

Inventory:

Hand Weapons
 a - a +0 hand axe (weapon)
Armour
 h - a +0 plate armour (worn)
Jewellery
 j - an amulet of faith (around neck)
Wands
 l - a wand of lightning (7/15)
Scrolls
 d - a scroll of teleportation {unknown}
 e - a scroll of fog {unknown}
 f - a scroll of blinking {unknown}
 g - 3 scrolls of identify {unknown}
 i - a scroll of recharging {unknown}
 m - a scroll of immolation {unknown}
 n - a scroll of remove curse {unknown}
Potions
 b - a potion of degeneration {unknown}
 c - a potion of heal wounds {unknown}
 k - a potion of lignification {unknown}
Books
 o - a book of Misfortune

   Spells                             Type                      Level
   a - Confusing Touch                Hexes                        1
   b - Confuse                        Hexes                        3
   c - Gell's Gravitas                Translocation                3
   d - Petrify                        Transmutation/Earth          4
   e - Metabolic Englaciation         Hexes/Ice                    5
   f - Yara's Violent Unravelling     Hexes/Transmutation          5


   Skills:
 + Level 4.5 Fighting
 + Level 5.3 Axes
 + Level 2.0 Armour
 - Level 2.5 Dodging
 + Level 2.4 Stealth


You had 4 spell levels left.
You didn't know any spells.

Dungeon Overview and Level Annotations

Branches:
Dungeon (4/15)
 Temple: D:4-7

Altars:
Dithmenos
Qazlal
Ru
Sif Muna

Annotations:
D:4 Dowan, Duvessa


Innate Abilities, Weirdness & Mutations

You are sensitive to extremes of temperature. (rF-, rC-)


Message History

Found an escape hatch in the ceiling.
You closely miss Dowan.
Dowan is lightly wounded.
You closely miss Duvessa.
Dowan points at you and mumbles some strange words.
The puff of flame hits you! The fire burns you terribly!
* * * LOW HITPOINT WARNING * * *
You redirect Duvessa's attack!
Duvessa hits herself but does no damage.
You closely miss Dowan.
Dowan is lightly wounded.
You hit Duvessa but do no damage. Dowan barely misses you.
Duvessa hits you but does no damage.
Unknown command.
You closely miss Dowan.
Dowan is lightly wounded.
You hit Duvessa but do no damage.
Dowan points at you and mumbles some strange words.
The puff of frost hits you!
You feel a terrible chill!
You die...

#..'....# #..
#..#....# #..
#..#....######## #..
#..#............ #..
#..#............ #..
#..#............ #..
#..#............
#..##.)#############
+.e@e..# #..##..#
#.. #..# #.< #..#
### #... .....
#..##+ #..#


You could see Duvessa and Dowan.

Vanquished Creatures
  A hound (D:4)
  4 adders (D:2)
  2 oozes
  A dart slug (D:1)
  3 leopard geckos
  2 orcs (D:4)
  6 giant cockroaches
  3 goblins
  3 hobgoblins
  6 jackals (D:1)
  A kobold (D:2)
  A ball python skeleton (D:4)
  8 bats
  2 frilled lizards
  5 rats
48 creatures vanquished.

Notes
Turn   | Place    | Note
-------+----------+-------------------------------------------
     0 | D:1      | potatolord6000 the Hill Orc Monk began the quest for the Orb.
     0 | D:1      | Reached XP level 1. HP: 19/19 MP: 1/1
   350 | D:1      | Reached XP level 2. HP: 22/27 MP: 2/2
   729 | D:1      | Reached skill level 1 in Armour
   934 | D:1      | Reached XP level 3. HP: 31/33 MP: 3/3
  1043 | D:2      | Found a sacrificial altar of Ru.
  1048 | D:2      | Became a worshipper of Ru the Awakened
  1076 | D:2      | Reached XP level 4. HP: 30/40 MP: 4/4
  1088 | D:2      | Gained mutation: You are sensitive to extremes of temperature. (rF-, rC-) [Ru sacrifice]
  1088 | D:2      | Reached * piety under Ru
  1088 | D:2      | Reached ** piety under Ru
  1268 | D:2      | Reached skill level 5 in Axes
  1612 | D:2      | Found a shadowy altar of Dithmenos.
  1712 | D:3      | Found a stormy altar of Qazlal.
  2013 | D:4      | Reached XP level 5. HP: 24/47 MP: 5/5
  2040 | D:4      | Found a deep blue altar of Sif Muna.
  2080 | D:4      | Noticed a phantom
  2094 | D:4      | Noticed Duvessa
  2100 | D:4      | Noticed Dowan
  2111 | D:4      | Killed from afar by Dowan

Skill      XL: |  1  2  3  4 |
---------------+-------------+-----
Armour         | 1 2 |  2.0
Fighting       | 4 |  4.5
Stealth        | 2 |  2.4
Axes           | 5 |  5.3
Dodging        | |  2.5

Action                   |  1- 3 |  4- 6 || total
-------------------------+-------+-------++-------
Melee: Hand axe          |    85 |   111 ||   196
Invok: Sacrifice Resista |       |     1 ||     1
 Stab: Distracted        |     1 |       ||     1
       Invisible         |       |     2 ||     2
  Eat: Bread ration      |       |     1 ||     1
Armor: Robe              |    10 |       ||    10
       Ring mail         |    37 |     1 ||    38
       Plate armour      |       |   151 ||   151
Dodge: Dodged            |    88 |    49 ||   137
